AoeStats
← [KMNB] Bandeira

African Clearing

506390453Analyzed
2v2 RM · 20d ago on Sep 13, 2026· 31m 9s· 4 players
Game mode
Random Map
Map size
Medium (4 player)
Population
200
Speed
Normal
Resources
Standard
Victory
Conquest
Starting age
Dark Age
Ending age
Imperial Age
RankedLock teamsTeams togetherTeam positionsShared explorationLock speedFull tech treeHidden civsTurbo modeCheats
Victory
Defeat
🇫🇷 Khitans · France
1508
+19
🇫🇷 Saracens · France
1494
+21
🇧🇷 Persians · Brazil
1588
-20
🇧🇷 Huns · Brazil
1580
-20
[KMNB] Dedão
3:08 Loom
12:04 Feudal Age
12:32 Double-Bit Axe
16:17 Forging
16:26 Horse Collar
19:05 Wheelbarrow
20:39 Scale Barding Armor
25:53 Castle Age
25:59 Fletching
26:22 Bloodlines
27:02 Bodkin Arrow
28:07 Gold Mining
29:24 Padded Archer Armor
[KMNB] Bandeira
9:12 Loom
11:29 Feudal Age
12:22 Double-Bit Axe
16:48 Forging
19:59 Fletching
28:44 Castle Age
27:41 Bloodlines
27:19 Horse Collar
28:36 Gold Mining
31:25 Husbandry
31:33 Scale Barding Armor
Boubou
11:33 Feudal Age
12:11 Loom
13:58 Forging
17:07 Town Watch
24:42 Castle Age
23:36 Scale Barding Armor
26:10 Iron Casting
24:59 Light Cavalry
26:52 Chain Barding Armor
28:27 Double-Bit Axe
29:21 Husbandry
Naramwig
13:15 Feudal Age
12:14 Loom
17:00 Castle Age
16:46 Double-Bit Axe
22:51 Scale Barding Armor
26:16 Forging
26:29 Horse Collar
27:23 Town Watch
28:18 Wheelbarrow
31:19 Iron Casting
31:11 Chain Barding Armor
Connection lost

Rejoining the realm…

Still unreachable

The connection could not be restored.

Session expired

The server has moved on; the page needs a fresh start.